 Dungeon Crawl Stone Soup version 0.28-b1-25-g9875b3fc8c (webtiles) character file.

Game seed: 13111915929068313910

43 cayde69 the Ducker (level 3, 19/28 HPs)
             Began as a Djinni Gladiator on Feb 2, 2022.
             Quit the game on level 2 of the Dungeon.
             The game lasted 00:02:29 (937 turns).

cayde69 the Ducker (Djinni Gladiator)                Turns: 937, Time: 00:02:29

Health: 19/28      AC:  4    Str: 15    XL:     3   Next: 82%
Gold:   67         EV: 13    Int:  9    God:
                   SH:  0    Dex: 14

rFire   + + .      SeeInvis .   a - +0 long sword
rCold   x . .      Faith    +   (no shield)
rNeg    . . .      Spirit   .   b - +0 leather armour
rPois   ∞          Reflect  .   c - +0 helmet
rElec   .          Harm     .   (no cloak)
rCorr   .          Rampage  .   (no gloves)
Will    .....                   (boots unavailable)
Stlth   +.........              i - amulet of faith
HPRegen 0.09/turn               (no ring)
MPRegen 0.00/turn               (no ring)

@: flying
A: sickness immunity, fire resistance 2, cold vulnerability 1, float, innate
caster, HP casting, extra vitality 1
a: no special abilities


You were on level 2 of the Dungeon.
You visited 1 branch of the dungeon, and saw 2 of its levels.

You collected 67 gold pieces.

Inventory:

Hand Weapons
 a - a +0 long sword (weapon)
Missiles
 d - 3 throwing nets (quivered)
Armour
 b - a +0 leather armour (worn)
 c - a +0 helmet (worn)
Jewellery
 i - an amulet of faith (around neck)
Scrolls
 e - a scroll of noise {unknown}
 f - a scroll of teleportation {unknown}
 g - a scroll of identify {unknown}
 h - a scroll of immolation {unknown}


   Skills:
 + Level 2.2 Fighting
 + Level 3.4 Long Blades
 - Level 1.5 Throwing
 + Level 0.3 Armour
 + Level 3.9 Dodging
 + Level 0.1 Stealth


You had one spell level left.
You knew the following spells:

 Your Spells              Type           Power      Damage    Failure   Level
a - Apportation           Tloc           0%         N/A       45%         1
Your spell library was empty.

Dungeon Overview and Level Annotations

Branches:
Dungeon (2/15)

Altars:
Zin


Innate Abilities, Weirdness & Mutations

You are immune to sickness and miasma.
You are immune to poison.
Your flesh is very heat resistant. (rF++)
You are vulnerable to cold. (rC-)
You float through the air rather than walking.
You learn spells naturally, not from books.
Your magical power is your life essence.
You have superior vitality. (+4 MHP)


Message History

You slash the rat!
You kill the rat!
No target in view!
The bat hits you but does no damage.
You hit the bat.
You kill the bat!
A quokka and an adder come into view.
The adder hisses angrily.
You miss the quokka. The quokka closely misses you.
You closely miss the quokka. The quokka barely misses you.
The adder misses you.
You slash the adder!
The adder is severely wounded.
The quokka barely misses you. The adder bites you.
The quokka closely misses you.
You closely miss the adder.
The adder is severely wounded.
The adder barely misses you.
The quokka bites you but does no damage.
The adder barely misses you.
You closely miss the adder.
The adder is severely wounded.
The quokka bites you. The adder bites you.
The quokka bites you but does no damage.
The adder bites you.
You miss the adder.
The adder is severely wounded.
The quokka completely misses you. The adder bites you but does no damage.
The quokka barely misses you.
You slash the adder!
You kill the adder!
The quokka closely misses you. The quokka bites you.
You barely miss the quokka. The quokka barely misses you.
The quokka misses you.
You slash the quokka!
You kill the quokka!
You now have 67 gold pieces (gained 8).
There is a glowing silver altar of Zin here.
Are you sure you want to abandon this character and quit the game? (Confirm with "yes".)

#....# #.(.#####
#.#.########...#
#.#............. #. #.
##.########.#..## #.
#. ##..[## #.#.. #.
#.####.#.#.### # #..
#. #............###.#
#. ##....##........#
##.#####.#..#...@..###
......##.#.#.......#
............#......#
......##.....#.#......
......##.....#.#.#####
...............#.#
......##.....###.#
.................#
####........####


There were no monsters in sight!

Vanquished Creatures
  2 adders (D:2)
  A dart slug (D:1)
  3 ball pythons
  An endoplasm (D:1)
  A giant cockroach (D:1)
  5 goblins (D:1)
  A hobgoblin (D:1)
  2 kobolds (D:1)
  A quokka (D:2)
  2 bats
  3 rats
22 creatures vanquished.

Notes
Turn   | Place    | Note
-------+----------+-------------------------------------------
     0 | D:1      | cayde69 the Djinni Gladiator began the quest for the Orb.
     0 | D:1      | Reached XP level 1. HP: 18/18 MP: 0/0
   129 | D:1      | Reached XP level 2. HP: 19/23 MP: 0/0
   696 | D:1      | Reached XP level 3. HP: 24/28 MP: 0/0
   696 | D:1      | Learned a level 1 spell: Apportation
   889 | D:2      | Found a glowing silver altar of Zin.
   937 | D:2      | Quit the game

Illustrated notes

Levels and vault maps discovered:
D:1:      minmay_arrival_solitary_statue, layout_basic
D:2:      layout_loops_ring, basic_altar, serial_shops, shop_coins

Skill      XL: |  1  2 |
---------------+-------+-----
Long Blades    | 3 |  3.4
Fighting       | |  2.2
Throwing       | |  1.5
Armour         | |  0.3
Dodging        | |  3.9
Stealth        | |  0.1

Action                   || total
-------------------------++-------
Melee: Long sword        ||    56
       Punch             ||     1
Armor: Leather armour    ||    20
Dodge: Dodged            ||    42
